 Dungeon Crawl Stone Soup version 0.19.1 (webtiles) character file.

3237 Host24 the Nimble (level 10, -6/99 HPs)
             Began as a Kobold Hunter on Dec 31, 2016.
             Was a Priest of Okawaru.
             Mangled by an ogre
             ... wielding a +0 giant club
              (8 damage)
             ... on level 8 of the Dungeon.
             The game lasted 00:16:14 (8346 turns).

Host24 the Nimble (Kobold Hunter)                   Turns: 8346, Time: 00:16:15

Health: -6/99      AC: 25    Str:  6 (9)  XL:     10   Next: 18%
Magic:  10/10      EV:  3    Int: 11 (12) God:    Okawaru [***...]
Gold:   0          SH:  0    Dex: 22 (23) Spells: 0 memorised, 9 levels left

rFire  . . .     SeeInvis .     X - +4 dagger (chaos)
rCold  + . .     Gourm    .     (armour currently unavailable)
rNeg   + + +     Faith    .     (shield restricted)
rPois  +         Spirit   .     (helmet currently unavailable)
rElec  +         Reflect  .     (cloak currently unavailable)
rCorr  .         Harm     .     (gloves currently unavailable)
MR     +....     Clarity  +     (boots currently unavailable)
Stlth  ++........ NoTele   +    (no amulet)
                                (no ring)
                                I - ring "Enohev" {rElec rPois rC+ MR+ Dex+3}

@: exhausted, tree-form, very slightly contaminated, slowed, very slow
A: (yellow scales 0), carnivore 3, clarity
a: Heroism, Renounce Religion


You were on level 8 of the Dungeon.
You worshipped Okawaru.
Okawaru was most pleased with you.
You were very full.
You were a tree.
You visited 1 branch of the dungeon, and saw 8 of its levels.
You also visited: Ossuary.

Inventory:

Hand Weapons
 a - a +1 hand crossbow
 b - a +0 short sword
 u - a cursed -1 spear
 w - a +0 rapier
 R - the +0 hunting sling of Keinutze {flame, rElec rN++, unknown}
   (You found it on level 7 of the Dungeon)

   It causes projectiles fired from it to burn those they strike, causing extra
   injury to most foes and up to half again as much damage against particularly
   susceptible opponents.
   It insulates you from electricity.
   It greatly protects you from negative energy.
 X - a +4 dagger of chaos (weapon)
Missiles
 d - 13 bolts
 h - 220 stones (quivered)
 j - 78 sling bullets
 o - 6 arrows
 x - 2 needles of sleeping
 E - 42 poisoned needles
 H - 4 needles of confusion
Armour
 c - a +0 leather armour (melded)
 k - a +0 helmet (melded)
 v - a +0 cloak (melded)
 A - a +0 pair of gloves (melded)
 C - a +0 pair of boots
Jewellery
 s - a cursed -2 ring of evasion {unknown}
 y - a +3 ring of strength {unknown}
 I - the ring "Enohev" (left branch) {rElec rPois rC+ MR+ Dex+3}
   (You found it on level 5 of the Dungeon)

   [ring of poison resistance]

   It affects your dexterity (+3).
   It protects you from cold.
   It insulates you from electricity.
   It protects you from poison.
   It affects your resistance to hostile enchantments.
 W - a +2 ring of protection {unknown}
 Y - an uncursed amulet of rage {unknown}
Wands
 D - a wand of polymorph (9/24)
 K - a wand of lightning (7/15)
 T - a wand of paralysis (5/24)
Scrolls
 e - 3 scrolls of fog
 l - 9 scrolls of identify
 p - a scroll of recharging
 z - 3 scrolls of remove curse
 F - a scroll of teleportation
 L - a scroll of noise {unknown}
 Q - a scroll of vulnerability {unknown}
 V - a scroll of amnesia {unknown}
Potions
 q - a potion of flight
 t - a potion of brilliance
 M - a potion of mutation
 O - 3 potions of ambrosia
Comestibles
 f - 4 meat rations
 g - a beef jerky
 m - a royal jelly
 B - a slice of pizza


   Skills:
 + Level 9.0 Fighting
 - Level 9.1 Crossbows
 - Level 11.0 Dodging
 - Level 1.3 Stealth


You had 9 spell levels left.
You didn't know any spells.

Dungeon Overview and Level Annotations

Branches:
Dungeon (8/15)             Temple (0/1) D:6            Lair (0/6) D:8

Altars:
Nemelex Xobeh
Okawaru
Ru
Uskayaw
Xom

Annotations:
D:8 Maurice


Innate Abilities, Weirdness & Mutations

You are small and have problems with some larger weapons.
You are carnivorous and can eat meat at any time.
((You are partially covered in yellow scales. (AC +2)))
You possess an exceptional clarity of mind.


Message History

You hit the jelly.
Your branches burn!
* * * LOW HITPOINT WARNING * * *
The jelly is heavily wounded.
The jelly blinks!
The gnoll hits you but does no damage.
You cannot move.
The gnoll hits you but does no damage.
You feel a strong urge to attack something.
You are no longer berserk.
You are exhausted.
You feel yourself slow down. The gnoll hits you but does no damage.
The gnoll barely misses you.
As you read the scroll labeled BOV MESCHUSTITO, it crumbles to dust.
You feel a strange sense of stasis.
It was a scroll of teleportation.
The jelly hits you but does no damage. The gnoll hits you but does no damage.
The ogre barely misses you. The jelly hits you but does no damage.
The gnoll hits you but does no damage.
As you read the scroll labeled YMPEMO LEYMOID, it crumbles to dust.
The dust glows dark dun!
It was a scroll of random uselessness.
The ogre hits you with a giant club!
You die...

#. #. #. #..## #. O....
#####.###### .....
#..........# .....
#......)g..# .....
#.....♣Og..#######o5...
#....J..gW...†..JhO{...
#....$.....######gO.###
#)!.........# #..#...
#....#######.. #....#.
#.... ?.# #...##. (...
.# #.#...P .... # #
#.#..PP #.###.#..PP


You could see a phantom, an ogre, a jelly and 3 gnolls.

Vanquished Creatures
  Psyche (D:8)
  Joseph (D:7)
  The ghost of Host24 the Ducker, an amateur KoHu (Ossuary)
  A wyvern (D:8)
  The ghost of Host24 the Bolt Thrower, an amateur KoHu (D:4)
  A sky beast (D:7)
  An orc warrior (D:7)
  An ice beast (D:5)
  A necrophage (D:6)
  A phantom (D:5)
  2 ogres
  3 centaurs
  2 bullfrogs (D:7)
  2 elf zombies (Ossuary)
  3 scorpions
  A crimson imp (D:6)
  2 centaur zombies (Ossuary)
  A bullfrog zombie (D:6)
  5 hounds
  3 jellies
  2 orc priests (D:7)
  An orc wizard (D:7)
  3 iguanas
  3 worker ants
  A killer bee zombie (D:5)
  3 big kobold zombies (Ossuary)
  2 hound skeletons
  2 mummies (Ossuary)
  6 adders
  4 gnolls (D:7)
  3 shadow imps
  3 oozes
  2 adder zombies
  2 adder skeletons
  3 worms
  2 dart slugs
  6 leopard geckos
  8 orcs
  4 ball pythons
  4 bats
  3 giant cockroaches
  6 goblins
  6 hobgoblins
  6 jackals
  5 kobolds
  A quokka (D:5)
  7 frilled lizards
  12 hobgoblin zombies (Ossuary)
  2 jackal skeletons (D:3)
  A jackal zombie (D:3)
  10 kobold zombies (Ossuary)
  A leopard gecko skeleton (D:3)
  7 orc zombies (Ossuary)
  2 quokka skeletons
  2 quokka zombies
  7 rats
176 creatures vanquished.

Notes
Turn   | Place    | Note
-------+----------+-------------------------------------------
     0 | D:1      | Host24 the Kobold Hunter began the quest for the Orb.
     0 | D:1      | Reached XP level 1. HP: 12/12 MP: 1/1
    70 | D:1      | Reached XP level 2. HP: 6/18 MP: 2/2
   429 | D:1      | Found a shimmering altar of Xom.
   515 | D:1      | Reached skill level 3 in Dodging
   674 | D:1      | Reached XP level 3. HP: 20/23 MP: 3/3
   810 | D:1      | Reached skill level 5 in Crossbows
  1392 | D:2      | Found an iron altar of Okawaru.
  1397 | D:2      | Became a worshipper of Warmaster Okawaru
  1505 | D:2      | Reached XP level 4. HP: 7/29 MP: 4/4
  2186 | D:3      | Reached skill level 4 in Dodging
  2213 | D:3      | Reached XP level 5. HP: 17/33 MP: 5/5
  2881 | D:3      | Found a faded altar of an unknown god.
  2881 | D:3      | Found a faded altar of an unknown god.
  2886 | D:3      | Found a faded altar of an unknown god.
  2888 | D:3      | Found a sacrificial altar of Ru.
  2890 | D:3      | Found a faded altar of an unknown god.
  3027 | D:4      | Noticed Host24's ghost (amateur KoHu)
  3051 | D:4      | Killed Host24's ghost
  3051 | D:4      | Reached * piety under Okawaru
  3051 | D:4      | Reached XP level 6. HP: 34/41 MP: 6/6
  3670 | D:5      | Entered Level 5 of the Dungeon
  3679 | D:5      | Reached skill level 5 in Dodging
  3679 | D:5      | Reached XP level 7. HP: 5/46 MP: 7/7
  3977 | D:5      | Got a scintillating pewter ring
  4076 | D:5      | Reached skill level 6 in Dodging
  4280 | D:5      | Reached skill level 7 in Dodging
  4648 | D:5      | Reached skill level 8 in Dodging
  4648 | D:5      | Reached XP level 8. HP: 45/51 MP: 8/8
  4790 | D:5      | Identified the ring "Enohev" {rElec rPois rC+ MR+ Dex+3} (You found it on level 5 of the Dungeon)
  4862 | D:4      | Reached ** piety under Okawaru
  5571 | D:5      | Found a hide-covered altar of Uskayaw.
  6026 | D:6      | Found a staircase to the Ecumenical Temple.
  6631 | D:7      | Noticed Joseph
  6640 | D:7      | Killed Joseph
  6640 | D:7      | Reached skill level 9 in Dodging
  6640 | D:7      | Reached XP level 9. HP: 7/58 MP: 9/9
  6789 | D:7      | Found a sand-covered staircase.
  6951 | Ossuary  | Entered an ossuary
  6951 | Ossuary  | Noticed Host24's ghost (amateur KoHu)
  6957 | Ossuary  | Killed Host24's ghost
  6957 | Ossuary  | Reached skill level 10 in Dodging
  7165 | Ossuary  | Reached *** piety under Okawaru
  7199 | Ossuary  | Reached skill level 11 in Dodging
  7678 | D:7      | Found a sparkling altar of Nemelex Xobeh.
  7803 | D:7      | Got a shimmering hunting sling
  8192 | D:7      | Reached XP level 10. HP: 61/64 MP: 10/10
  8249 | D:8      | Found a staircase to the Lair.
  8261 | D:8      | Noticed Psyche
  8274 | D:8      | Killed Psyche
  8286 | D:8      | Noticed Maurice
  8333 | D:8      | Gained mutation: You are partially covered in yellow scales. (AC +2) [potion of mutation]
  8333 | D:8      | Gained mutation: You possess an exceptional clarity of mind. [potion of mutation]
  8334 | D:8      | HP: 3/66 [something (5)]
  8341 | D:8      | HP: 6/148 [acid (3)]
  8342 | D:8      | HP: 2/148 [acid (4)]
  8346 | D:8      | Mangled by an ogre

Skill      XL: |  1  2  3  4  5  6  7  8  9 10 |
---------------+-------------------------------+-----
Fighting       | 3 4 6 8 9 |  9.0
Dodging        | 3 4 5 8 9 11 | 11.0
Crossbows      | 5 6 8 9 |  9.1
Stealth        | |  1.3

Action                   |  1- 3 |  4- 6 |  7- 9 | 10-12 || total
-------------------------+-------+-------+-------+-------++-------
Melee: Short sword       |   129 |   180 |   169 |       ||   478
       Quarterstaff      |       |       |   286 |    18 ||   304
       Dagger            |       |       |       |    20 ||    20
 Fire: Hand crossbow     |     8 |    25 |   121 |     9 ||   163
Throw: Stone             |       |       |     1 |       ||     1
Invok: Heroism           |       |       |     1 |     1 ||     2
  Use: Potion            |       |     2 |     7 |     4 ||    13
       Scroll            |       |       |     4 |     5 ||     9
 Stab: Sleeping          |     2 |     1 |     4 |       ||     7
       Paralysed         |       |       |       |     1 ||     1
  Eat: Chunk             |    10 |     6 |    17 |       ||    33
Armor: Leather armour    |    20 |    46 |   145 |     8 ||   219
       Skin              |       |       |       |    12 ||    12
Dodge: Dodged            |   127 |   173 |   680 |    50 ||  1030
